 Dungeon Crawl Stone Soup version 0.22.1-2-g9c5b331 (webtiles) character file.

41077 Stepladder the Fighter (level 14, -3/115 HPs)
             Began as a Human Conjurer on Dec 19, 2018.
             Was a High Priest of Vehumet.
             Killed by drain life
             ... invoked by a soul eater
             ... summoned by an orc sorcerer
             ... led by an orc high priest
              (16 damage)
             ... on level 2 of the Orcish Mines on Dec 26, 2018.
             The game lasted 02:56:51 (31669 turns).

Stepladder the Fighter (Human Conjurer)            Turns: 31669, Time: 02:56:52

Health: -3/115     AC: 13    Str: 10    XL:     14   Next: 48%
Magic:  1/28       EV: 15    Int: 25    God:    Vehumet [*****.]
Gold:   1381       SH: 12    Dex: 13    Spells: 4/33 levels left

rFire    . . .     SeeInvis +   s - +5 hand axe of Due Proportion {protect, rC+ SInv}
rCold    + . .     Gourm    .   j - +0 buckler
rNeg     . . .     Faith    .   h - +3 troll leather armour {Snorg}
rPois    .         Spirit   .   M - +2 hat
rElec    .         Reflect  +   Y - scarf {repulsion}
rCorr    .         Harm     .   q - +1 pair of gloves
MR       ++...                  W - +0 pair of boots
Stlth    +.........             T - brooch of Shielding {Reflect SH+8}
HPRegen  0.69/turn              m - ring of protection from magic
MPRegen  0.21/turn              V - +5 ring of intelligence

@: about to teleport, drained, repel missiles
A: no striking features
a: Renounce Religion


You were on level 2 of the Orcish Mines.
You worshipped Vehumet.
Vehumet was extremely pleased with you.
You were not hungry.

You visited 4 branches of the dungeon, and saw 21 of its levels.
You also visited: Sewer and Bailey.

You collected 1521 gold pieces.
You spent 140 gold pieces at shops.

Inventory:

Hand Weapons
 a - a +2 hunting sling of flaming
 s - the +5 hand axe of Due Proportion (weapon) {protect, rC+ SInv}
   (You found it in a bailey)

   It protects the one who uses it against injury (+AC on strike).
   It protects you from cold.
   It lets you see invisible.
Missiles
 n - 20 tomahawks (quivered)
 p - 46 poisoned needles
 z - 48 sling bullets
 B - 2 silver javelins
Armour
 h - a +3 troll leather armour (worn) {Snorg}
 j - a +0 buckler (worn)
 q - a +1 pair of gloves (worn)
 M - a +2 hat (worn)
 R - the +1 fire dragon scales of the Nexus {rElec rF++ rC- MR- Str+3 Int+4}
   (You found it in a bailey)

   It affects your strength (+3).
   It affects your intelligence (+4).
   It greatly protects you from fire.
   It makes you vulnerable to cold.
   It insulates you from electricity.
   It affects your resistance to hostile enchantments.
 S - a +0 ring mail of fire resistance
 W - a +0 pair of boots (worn)
 Y - a scarf of repulsion (worn)
Jewellery
 k - an uncursed ring of fire
 m - a ring of protection from magic (left hand)
 P - an uncursed ring of ice
 Q - an uncursed ring of resist corrosion
 T - the brooch of Shielding (around neck) {Reflect SH+8}
   (You found it on level 8 of the Dungeon)

   [amulet of reflection]

   It shields you and reflects attacks.
   It affects your SH (+8).
 V - a +5 ring of intelligence (right hand)
Wands
 y - a wand of disintegration (7)
 C - a wand of digging (9)
 E - a wand of paralysis (19)
 L - a wand of flame (63)
Scrolls
 b - 2 scrolls of fear
 f - 2 scrolls of noise {unknown}
 l - 2 scrolls of identify
 t - a scroll of blinking
 v - 6 scrolls of remove curse
 x - a scroll of teleportation
 A - 3 scrolls of fog
 G - 2 scrolls of silence {unknown}
 I - 5 scrolls of amnesia
 U - 2 scrolls of acquirement
Potions
 e - 3 potions of heal wounds
 g - 3 potions of invisibility
 i - 2 potions of agility
 o - 5 potions of lignification
 r - 3 potions of ambrosia
 u - a potion of cancellation
 w - 8 potions of curing
 D - a potion of magic
 J - 4 potions of brilliance
 N - 4 potions of haste
 O - a potion of flight
 Z - a potion of mutation
Miscellaneous
 d - a lamp of fire (inert)
 F - a phantom mirror
Comestibles
 c - 24 rations
 H - 5 chunks of flesh


   Skills:
 + Level 12.1(10.8) Fighting
 + Level 7.1(6.0) Armour
 - Level 9.0(7.8) Dodging
 - Level 2.0(1.0) Stealth
 - Level 4.0(3.0) Shields
 - Level 10.0(8.8) Spellcasting
 + Level 11.7(10.5) Conjurations
 - Level 5.0(3.9) Hexes
 - Level 3.0(2.0) Summonings
 - Level 5.0(3.9) Translocations


You had 4 spell levels left.
You knew the following spells:

 Your Spells              Type           Power        Failure   Level  Hunger
a - Magic Dart            Conj           ####         1%          1    None
c - Fulminant Prism       Conj/Hex       #####.....   1%          4    ##.....
d - Dazzling Spray        Conj/Hex       #####.       1%          3    None
e - Passage of Golubria   Tloc           N/A          16%         4    ##.....
f - Iskenderun's Mystic   Conj           ######..     1%          4    ##.....
q - Blink                 Tloc           N/A          2%          2    None
s - Searing Ray           Conj           ######       1%          2    None
v - Sticky Flame          Conj/Fire      #####...     2%          4    ##.....
w - Tukima's Dance        Hex            ####....     4%          3    None
x - Call Imp              Summ           ###.....     5%          2    None

Your spell library contained the following spells:

 Spells                   Type           Power        Failure   Level  Hunger
 Iskenderun's Battlesphe  Conj/Chrm      #####...     7%          5    ####...
 Corona                   Hex            ####...      1%          1    None
 Conjure Flame            Conj/Fire      #####...     1%          3    None
 Mephitic Cloud           Conj/Pois/Air  ####....     1%          3    None
 Stone Arrow              Conj/Erth      #####.       1%          3    None
 Force Lance              Conj/Tloc      #####...     1%          4    ##.....
 Sandblast                Erth           ##....       2%          1    None
 Slow                     Hex            ####....     2%          2    None
 Confuse                  Hex            ####....     4%          3    None
 Ensorcelled Hibernation  Hex/Ice        ###...       5%          2    None
 Passwall                 Tmut/Erth      ##......     12%         2    None
 Swiftness                Chrm/Air       ##......     12%         2    None
 Petrify                  Tmut/Erth      ##......     63%         4    ##.....
 Lee's Rapid Deconstruct  Erth           ##........   47%         5    ####...
 Darkness                 Hex            ####......   94%         6    ######.
 Invisibility             Hex            ####....     94%         6    ######.


Dungeon Overview and Level Annotations

Branches:
Dungeon (12/15)            Temple (1/1) D:6            Lair (6/6) D:9
 Shoals (0/4) Lair:3       Spider (0/4) Lair:4          Orc (2/2) D:10
  Slime: Lair:5-6       Elf: Orc:2

Altars:
Ashenzari
Cheibriados
Dithmenos
Elyvilon
Fedhas
Gozag
Hepliaklqana
Kikubaaqudgha
Makhleb
Nemelex Xobeh
Okawaru
Qazlal
Ru
Sif Muna
Trog
Uskayaw
Vehumet
Wu Jian
Xom
Yredelemnul
Zin
The Shining One
Beogh

Shops:
D:10 *   D:12 *

Annotations:
D:6 3 runed doors, Malhgor's ghost, novice MiBe
D:8 Joseph
D:10 exclusion: ice statue
Lair:1 1 runed door, erker's ghost, novice DDFi
Lair:4 exclusion: oklob plant
Lair:5 exclusion: oklob plant


Message History

You feel strangely unstable.
The orc sorcerer no longer looks unusually strong.
The hellwing swoops through the air toward you!
You block the hellwing's attack. The hellwing hits you.
You block the sixfirhy's attack.
The sixfirhy hits you but does no damage.
You block the hellwing's attack. The hellwing barely misses you.
The sixfirhy barely misses you.
You block the sixfirhy's attack. x3; The sixfirhy hits you!
The sixfirhy shocks you! The sixfirhy barely misses you. The sixfirhy hits you.
The sixfirhy shocks you!
* * * LOW HITPOINT WARNING * * *
The sixfirhy hits you!
* * * LOW HITPOINT WARNING * * *
The sixfirhy shocks you!
* * * LOW HITPOINT WARNING * * *
The orc knight roars a battlecry!
The orc sorcerer goes into a battle-frenzy!
The soul eater draws from the surrounding life force!
You die...

..).).............##
...................##
..(.............#.#.####
.......................##
........................#
...........3...#..#.....#
.........#......##.....##
............o..34#......##
........oo.3@........#
........4......#..#.##
...................##
............#...#)#.##
.......P.....#...#)..#
.....................#
.....P...P.P.........#
........ ...............##
........ ..........##


You could see an orc knight, a soul eater, an orc high priest, a hellwing, an
ice devil, 2 sixfirhies and an orc sorcerer.

Vanquished Creatures
  Snorg (Lair:4)
  3 hydras
  A catoblepas (D:11)
  3 two-headed ogres
  A centaur warrior (D:12)
  A tengu warrior (D:12)
  4 orc high priests
  3 unseen horrors
  Pikel (D:8)
  An orc knight (Orc:1)
  3 orc sorcerers (Orc:2)
  A deep elf mage (D:12)
  2 ugly things (D:12)
  2 black mambas (Lair:2)
  5 spiny frogs
  A kobold demonologist (Bailey)
  A rime drake (Lair:6)
  9 komodo dragons
  2 trolls
  2 polar bears (Lair:6)
  3 wind drakes (Lair:6)
  A hornet (D:12)
  9 blink frogs
  8 hippogriffs
  A redback (Lair:4)
  34 yaks
  2 wyverns
  A vampire (D:9)
  2 vampire mosquitoes (D:12)
  A basilisk (Lair:2)
  2 wargs
  14 water moccasins
  7 porcupines
  2 black bears
  4 ice beasts
  2 necrophages (Lair:4)
  A phantom (D:8)
  24 orc warriors
  3 sky beasts
  A slave (D:8)
  12 ogres
  4 wolves (Lair:3)
  3 centaurs
  3 crocodiles
  A big kobold (D:9)
  12 bullfrogs
  A wyvern zombie (D:11)
  A wyvern skeleton (D:12)
  3 scorpions
  A water moccasin skeleton (D:11)
  21 killer bees
  A vampire bat (D:9)
  8 electric eels
  4 howler monkeys
  5 crimson imps
  A centaur zombie (D:7)
  3 quasits
  2 bullfrog zombies
  3 jellies
  7 orc wizards
  A bullfrog skeleton (D:8)
  7 orc priests
  9 hounds
  2 centaur skeletons
  2 iguanas
  4 worker ants
  A killer bee zombie (D:5)
  A hound zombie (D:10)
  A hound skeleton (D:6)
  A mummy (D:6)
  7 gnolls
  17 adders
  A shadow imp (D:6)
  2 adder zombies
  3 adder skeletons
  5 worms
  A dart slug (D:1)
  8 leopard geckos
  45 orcs
  7 ball pythons
  2 bat skeletons (D:9)
  2 bat zombies (D:9)
  12 giant cockroaches
  19 goblins
  12 hobgoblins
  8 jackals
  2 quokkas
  7 bats
  8 frilled lizards
  12 kobolds
  A quokka zombie (D:7)
  14 rats
  A fungus (Orc:2)
  A plant (D:9)
491 creatures vanquished.

Vanquished Creatures (collateral kills)
  A komodo dragon (Lair:5)
  A blink frog (Lair:5)
  A redback (Lair:4)
  A basilisk (Lair:3)
  A water moccasin (Lair:4)
  2 orc warriors
  A sky beast (D:10)
  4 necrophages (Lair:4)
  A quasit (D:10)
  An orc (Orc:2)
  A hobgoblin (Bailey)
15 creatures vanquished.

Vanquished Creatures (others)
  A slave (D:8)
  A soldier ant (D:8)
  An adder skeleton (D:8)
  A goblin (Bailey)
  A bush (Lair:6)
  38 fulminant prisms
  8 fungi
  21 plants
72 creatures vanquished.

Grand Total: 578 creatures vanquished

Notes
Turn   | Place    | Note
-------+----------+-------------------------------------------
     0 | D:1      | Stepladder the Human Conjurer began the quest for the Orb.
     0 | D:1      | Reached XP level 1. HP: 13/13 MP: 3/3
   273 | D:1      | Reached XP level 2. HP: 19/20 MP: 1/5
   801 | D:1      | Learned a level 2 spell: Searing Ray
   982 | D:1      | Reached skill level 1 in Fighting
  1162 | D:1      | Reached XP level 3. HP: 26/26 MP: 3/6
  2205 | D:2      | Found a bloodstained altar of Trog.
  2954 | D:2      | Reached XP level 4. HP: 32/32 MP: 4/7
  3059 | D:2      | Learned a level 3 spell: Dazzling Spray
  3555 | D:2      | Reached skill level 2 in Fighting
  4070 | D:3      | Reached XP level 5. HP: 38/38 MP: 0/8
  5616 | D:4      | Reached skill level 1 in Armour
  5690 | D:4      | Found a snail-covered altar of Cheibriados.
  5775 | D:4      | Reached skill level 5 in Conjurations
  5820 | D:4      | Reached XP level 6. HP: 46/46 MP: 5/9
  5892 | D:3      | Reached skill level 3 in Fighting
  6817 | D:4      | Reached XP level 7. HP: 48/52 MP: 1/10
  7128 | D:5      | Entered Level 5 of the Dungeon
  7431 | D:5      | Found a glowing drain.
  7463 | Sewer    | Entered a sewer
  8366 | D:5      | Reached XP level 8. HP: 23/60 MP: 0/13
  8590 | D:5      | Reached skill level 4 in Fighting
  8848 | D:5      | Found a basalt altar of Yredelemnul.
  9408 | D:5      | Learned a level 4 spell: Fulminant Prism
  9413 | D:5      | Learned a level 4 spell: Iskenderun's Mystic Blast
  9781 | D:6      | Found a runed gate.
  9781 | D:6      | Found a runed gate.
  9781 | D:6      | Found a runed gate.
  9823 | D:6      | Noticed Malhgor's ghost (novice MiBe)
 10059 | D:6      | Found a snail-covered altar of Cheibriados.
 10445 | D:6      | Found a roughly hewn altar of Beogh.
 10699 | D:6      | Found a staircase to the Ecumenical Temple.
 10708 | Temple   | Entered the Ecumenical Temple
 10858 | Temple   | Became a worshipper of Vehumet
 11034 | D:7      | Reached skill level 5 in Fighting
 11034 | D:7      | Reached XP level 9. HP: 57/68 MP: 11/15
 11042 | D:7      | Reached skill level 1 in Hexes
 11479 | D:7      | Reached skill level 5 in Spellcasting
 12062 | D:7      | Got an opalescent robe
 12063 | D:7      | Identified the +1 robe of Intercession {Regen+ Int+4 SInv}
                  | (You found it on level 7 of the Dungeon)
 12142 | D:7      | Reached skill level 5 in Dodging
 12912 | D:8      | Reached XP level 10. HP: 64/74 MP: 4/17
 13515 | D:8      | Noticed Pikel
 13545 | D:8      | Killed Pikel
 13636 | D:8      | Found the brooch of Shielding {Reflect SH+8}
 13642 | D:8      | Noticed Joseph
 13877 | D:9      | Reached skill level 5 in Hexes
 14054 | D:8      | Reached * piety under Vehumet
 14054 | D:8      | Offered knowledge of Sting by Vehumet.
 14259 | D:9      | Reached skill level 6 in Fighting
 15059 | D:9      | Reached XP level 11. HP: 68/83 MP: 4/20
 15325 | D:9      | Offered knowledge of Shock by Vehumet.
 15327 | D:9      | Reached ** piety under Vehumet
 15340 | D:9      | Reached skill level 7 in Fighting
 15541 | D:9      | Learned a level 3 spell: Tukima's Dance
 15636 | D:9      | Found a staircase to the Lair.
 15683 | D:9      | Found an ancient bone altar of Kikubaaqudgha.
 15760 | Lair:1   | Entered Level 1 of the Lair of Beasts
 15794 | Lair:1   | Learned a level 2 spell: Blink
 16314 | Lair:1   | Found a runed door.
 16345 | Lair:1   | Reached skill level 8 in Fighting
 16417 | Lair:1   | Noticed erker's ghost (novice DDFi)
 17154 | Lair:2   | Noticed a seven-headed hydra
 17727 | Lair:2   | Offered knowledge of Stone Arrow by Vehumet.
 18015 | Lair:2   | Killed a seven-headed hydra
 18015 | Lair:2   | Reached XP level 12. HP: 94/94 MP: 5/22
 18391 | Lair:3   | Found a staircase to the Shoals.
 18446 | Lair:3   | Reached skill level 10 in Conjurations
 18555 | Lair:3   | Reached *** piety under Vehumet
 18555 | Lair:3   | Reached skill level 1 in Translocations
 18818 | Lair:3   | Reached skill level 9 in Fighting
 19102 | Lair:3   | Learned a level 2 spell: Call Imp
 19732 | Lair:3   | Learned a level 4 spell: Passage of Golubria
 20203 | Lair:3   | You fall through a shaft!
 20339 | Lair:4   | Offered knowledge of Sticky Flame by Vehumet.
 21090 | Lair:4   | Found a hole to the Spider Nest.
 21182 | Lair:4   | Reached skill level 1 in Summonings
 21696 | Lair:5   | Reached skill level 10 in Fighting
 22018 | Lair:5   | Noticed a five-headed hydra
 22042 | Lair:5   | Killed a five-headed hydra
 22042 | Lair:5   | Reached XP level 13. HP: 89/103 MP: 8/25
 22276 | Lair:5   | Reached **** piety under Vehumet
 22595 | Lair:5   | Learned a level 4 spell: Sticky Flame
 22621 | Lair:5   | Noticed Snorg
 23458 | Lair:6   | Entered Level 6 of the Lair of Beasts
 23800 | Lair:6   | Offered knowledge of Ignite Poison by Vehumet.
 23953 | Lair:6   | Reached skill level 5 in Translocations
 23967 | Lair:6   | Noticed an eight-headed hydra
 24410 | Lair:4   | Killed Snorg
 24738 | D:10     | Entered Level 10 of the Dungeon
 25280 | D:10     | Found a staircase to the Orcish Mines.
 25310 | D:10     | Found Waptout's Assorted Antiques.
 27005 | D:12     | Reached skill level 11 in Fighting
 27008 | D:12     | Noticed a centaur warrior
 27112 | D:12     | Killed a centaur warrior
 27112 | D:12     | Reached skill level 10 in Spellcasting
 27670 | D:12     | Found Ruofextese's General Store.
 27683 | D:12     | Reached skill level 5 in Armour
 27784 | D:12     | Bought a scroll of identify for 28 gold pieces
 27784 | D:12     | Bought a potion of invisibility for 112 gold pieces
 27843 | D:12     | Noticed a five-headed hydra
 27856 | D:12     | Killed a five-headed hydra
 28431 | D:12     | Reached XP level 14. HP: 113/113 MP: 10/28
 28937 | Orc:1    | Entered Level 1 of the Orcish Mines
 28998 | Orc:1    | Found a flagged portal.
 29038 | Bailey   | Entered a bailey
 29164 | Bailey   | Found an iron altar of Okawaru.
 29173 | Bailey   | Reached ***** piety under Vehumet
 29193 | Bailey   | Offered knowledge of Iskenderun's Battlesphere by Vehumet.
 29761 | Bailey   | Got a shimmering war axe
 29763 | Bailey   | Got an iridescent hand axe
 29772 | Bailey   | Got warped fire dragon scales
 29796 | Bailey   | Identified the +1 fire dragon scales of the Nexus {rElec
                  | rF++ rC- MR- Str+3 Int+4} (You found it in a bailey)
 29914 | Bailey   | Identified the cursed +0 war axe "Beetlebane" {flame, rN++}
                  | (You found it in a bailey)
 31046 | Orc:1    | Identified the +5 hand axe of Due Proportion {protect, rC+
                  | SInv} (You found it in a bailey)
 31059 | Orc:2    | Entered Level 2 of the Orcish Mines
 31073 | Orc:2    | Noticed an orc warlord
 31218 | Orc:2    | Reached skill level 12 in Fighting
 31669 | Orc:2    | Killed from afar by a soul eater

Skill      XL: |  1  2  3  4  5  6  7  8  9 10 11 12 13 14 |
---------------+-------------------------------------------+-----
Fighting       | 1 2 3 5 6 8 10 11 12 | 12.1
Dodging        | 3 4 5 7 8 9 |  9.0
Armour         | 1 2 3 5 7 |  7.1
Conjurations   | 5 6 7 8 9 10 11 | 11.7
Spellcasting   | 3 4 5 6 7 8 10 | 10.0
Hexes          | 3 5 |  5.0
Shields        | 4 |  4.0
Translocations | 4 5 |  5.0
Summonings     | 2 3 |  3.0
Stealth        | |  2.0

Action                   |  1- 3 |  4- 6 |  7- 9 | 10-12 | 13-15 || total
-------------------------+-------+-------+-------+-------+-------++-------
Melee: Dagger            |   107 |       |       |       |       ||   107
       Short sword       |     9 |    44 |    40 |   180 |    35 ||   308
       Spear             |       |    14 |    43 |       |       ||    57
       Hunting sling     |       |       |       |       |     2 ||     2
       Hand axe          |       |       |       |       |    13 ||    13
 Fire: Hunting sling     |       |       |       |       |    38 ||    38
Throw: Tomahawk          |     7 |       |       |     1 |     2 ||    10
       Stone             |     2 |       |       |       |       ||     2
 Cast: Magic Dart        |   102 |    61 |    63 |   125 |   183 ||   534
       Searing Ray       |     3 |    22 |    50 |    97 |    79 ||   251
       Iskenderun's Myst |       |       |     6 |    27 |    35 ||    68
       Fulminant Prism   |       |       |     2 |    29 |     7 ||    38
       Dazzling Spray    |       |       |     1 |    16 |    77 ||    94
       Call Imp          |       |       |       |    37 |    89 ||   126
       Sticky Flame      |       |       |       |       |    47 ||    47
       Blink             |       |       |       |       |     8 ||     8
       Passage of Golubr |       |       |       |       |     3 ||     3
       Tukima's Dance    |       |       |       |       |     1 ||     1
Evoke: Wand              |       |       |     4 |    22 |    28 ||    54
       Lamp of fire      |       |       |       |       |     1 ||     1
  Use: Scroll            |     2 |     2 |    12 |     5 |    19 ||    40
       Potion            |       |       |       |       |     2 ||     2
 Stab: Sleeping          |       |     3 |       |       |       ||     3
       Paralysed         |       |       |       |     8 |       ||     8
       Distracted        |       |       |       |     2 |     1 ||     3
  Eat: Chunk             |     7 |    11 |    13 |    28 |    27 ||    86
       Ration            |       |     1 |     3 |     1 |     1 ||     6
Armor: Robe              |    19 |       |     5 |    59 |    14 ||    97
       Leather armour    |    13 |    25 |    76 |       |       ||   114
       Ring mail         |       |     3 |       |       |       ||     3
       Troll leather arm |       |       |       |       |    55 ||    55
Dodge: Dodged            |    96 |    56 |   164 |   258 |   191 ||   765
       Deflected         |       |       |       |       |    14 ||    14
Block: Buckler           |       |       |     3 |   205 |   232 ||   440
       Reflection        |       |       |       |       |     6 ||     6
